 Seeded DCSS version 0.29.1-15-g9cfb28693d (webtiles) character file.

Game seed: 14881856590796289809 (custom seed)

5028 Atreus the Fighter (level 10, -12/95 HPs)
             Began as a Palentonga Berserker on Mar 6, 2023.
             Was an Elder of Trog.
             Mangled by an ettin
             ... wielding a +3 dire flail
              (15 damage)
             ... on level 2 of the Orcish Mines.
             The game lasted 00:22:19 (10249 turns).

Atreus the Fighter (Palentonga Berserker)          Turns: 10249, Time: 00:22:20

Health: -12/95     AC: 18    Str: 33    XL:     10   Next: 30%
Magic:  10/10      EV:  6    Int: 15    God:    Trog [****..]
Gold:   584        SH:  0    Dex:  8    Spells: 9/9 levels left

rFire   + . .      SeeInvis +   i - +5 lochaber axe {reach-cleave, poleaxe}
rCold   . . .      Faith    +   (shield currently unavailable)
rNeg    . . .      Spirit   .   f - +1 plate armour
rPois   .          Reflect  .   u - +0 helmet
rElec   .          Harm     .   c - +0 cloak
rCorr   .          Rampage  .   (no gloves)
Will    .....                   (no barding)
Stlth   ..........              z - amulet of faith
HPRegen 0.25/turn               b - ring "Keted" {Contam Str+6 Int+4}
MPRegen 0.12/turn               E - ring "Ipegih" {rF+ Slay+4}

@: about to teleport, curled up
A: large, rugged brown scales 3, see invisible, deformed body, roll 2, armoured
tail, reflexive curl, clever 1
a: Rolling Charge, Renounce Religion, Berserk, Trog's Hand, Brothers in Arms


You were on level 2 of the Orcish Mines.
You worshipped Trog.
Trog was greatly pleased with you.
You visited 2 branches of the dungeon, and saw 11 of its levels.

You collected 599 gold pieces.
You spent 15 gold pieces at shops.

Inventory:

Hand Weapons
 i - the +5 lochaber axe (weapon) {reach-cleave, poleaxe}
   (You found it on level 2 of the Dungeon)

   It can be evoked to extend its reach, and strikes at all foes within reach,
   dealing less damage to those not targeted.
   It uses either Axes or Polearms skill, whichever is higher.
Armour
 c - a +0 cloak (worn)
 f - a +1 plate armour (worn)
 q - a +1 ring mail of fire resistance
 u - a +0 helmet (worn)
 y - an orb of wrath
 G - +0 acid dragon scales
Magical Staves
 j - a staff of air
Jewellery
 b - the ring "Keted" (left hand) {Contam Str+6 Int+4}
   (You found it on level 2 of the Dungeon)

   [ring of strength]

   Str:       It affects your strength (+6).
   Int:       It affects your intelligence (+4).
   Contam:    It causes magical contamination when unequipped.
 l - a ring of poison resistance
 m - a +6 ring of dexterity
 t - a +4 ring of evasion
 x - a ring of ice
 z - an amulet of faith (around neck)
 E - the ring "Ipegih" (right hand) {rF+ Slay+4}
   (You acquired it on level 9 of the Dungeon)

   [ring of slaying]

   Slay:      It affects your accuracy & damage with ranged weapons and melee
   (+4).
   rF:        It protects you from fire.
Wands
 d - a wand of paralysis (13)
 k - a wand of flame (9)
 w - a wand of digging (4)
 I - a wand of iceblast (5)
Scrolls
 o - 3 scrolls of magic mapping
 s - 5 scrolls of noise
 v - a scroll of silence
 B - a scroll of butterflies
Potions
 a - a potion of magic {unknown}
 e - a potion of cancellation
 h - 2 potions of brilliance
 n - a potion of resistance {unknown}
 p - 3 potions of heal wounds
 r - a potion of attraction
 C - a potion of degeneration {unknown}
 D - a potion of haste {unknown}
 F - a potion of lignification {unknown}
 H - a potion of berserk rage {unknown}


   Skills:
 * Level 12.1 Fighting
 - Level 10.3 Axes
 - Level 1.5 Armour
 - Level 1.5 Dodging
 - Level 0.5 Stealth


You had 9 spell levels left.
You didn't know any spells.
Your spell library contained the following spells:

 Spells                   Type           Power      Damage    Failure   Level
 Apportation              Tloc           0%         N/A       95%         1
 Anguish                  Hex/Necr       0%         N/A       100%        4
 Alistair's Intoxication  Tmut/Pois      0%         N/A       100%        5
 Enfeeble                 Hex            0%         N/A       100%        7


Dungeon Overview and Level Annotations

Branches:
Dungeon (9/15)             Temple (0/1) D:6             Orc (2/2) D:9
    Elf (0/3) Orc:2
   Lair: D:8-11

Altars:
Cheibriados
Dithmenos
Hepliaklqana
Kikubaaqudgha
Qazlal
Ru
Trog
Uskayaw
Wu Jian
Zin
The Shining One

Shops:
D:4 [   D:8 *


Innate Abilities, Weirdness & Mutations

You are completely covered in rugged brown scales. (AC +3, +7% HP)
You have supernaturally acute eyesight. (SInv)
Armour fits poorly on your strangely shaped body.
You can roll at foes to attack.
You have a long armoured tail.
You curl defensively after being hit. (AC +7*)
Your mind is acute. (Int +4, Str/Dex -1)


Message History

Found 112 gold pieces.
There is a stone staircase leading up here.
Roll where?
Press: ? - help, Q - select action, (/) - cycle Dir - move target, f - ettin
Aim: an ettin, wielding a +3 dire flail and a +0 dire flail You roll forward with a clatter of scales! 2 two-headed ogres and 3 ogres come into view.
Found a staircase to the Elven Halls.
You slash the ettin!
The ettin is moderately wounded.
The ettin hits you with a +3 dire flail!!
The ettin barely misses you.
An ogre mage comes into view. It is wielding a +0 spear.
An ogre comes into view. It is wielding a +0 giant club.
The ogre moves out of view.
The two-headed ogre moves out of view.
The ogre moves out of view.
The ogre shouts!
An ogre mage comes into view. It is wielding a +0 whip.
As you read the scroll of teleportation, it crumbles to dust.
You feel strangely unstable.
The ogre mage shouts!
You hear a shout!
You hear two shouts!
You hear a shout!
You hear two shouts! x2
An ogre comes into view. It is wielding a +0 giant spiked club.
The ettin hits you with a +3 dire flail!!
The ettin hits you but does no damage.
An ogre mage comes into view. It is wielding a +0 club.
You hear two shouts!
Activating: Brothers in Arms (47% risk of failure)
Press: ? - help, Q - select action, (/) - cycle Dir - look around, f - activate You fail to use your ability.
You hear a shout! x2
The ettin hits you with a +3 dire flail.
The ettin barely misses you.
An ogre comes into view. It is wielding a +0 giant spiked club.
A two-headed ogre comes into view. It is wielding two +0 giant clubs.
Found 23 gold pieces.
The ettin attacks as you move away!
The ettin hits you with a +3 dire flail!!!
* * * LOW HITPOINT WARNING * * *
The ettin hits you with a +0 dire flail!
You die...

.#...#......$..
...........$...
....$.........#
o.............#
........oT....#
.#............#
.....o.<......#
.##.$.........#
#.....@C.O..#
.............O#
#.#....$......O.O.
.#..........O.OO..
.......#......#O.O
.......#......# ..
.....$.>.....# O
.............#


You could see an ettin, 2 two-headed ogres, 2 ogre magi, a troll, 3 ogres and 2
orcs.

Vanquished Creatures
  Pikel (D:4)
  2 hornets
  A wraith (D:8)
  3 wyverns (D:9)
  3 steam dragons
  An acid dragon (D:9)
  A warg (Orc:1)
  A sky beast (D:7)
  2 ogres
  2 centaurs
  3 lemures (D:4)
  4 bullfrogs
  3 kobold brigands
  A gnoll sergeant (D:9)
  6 scorpions
  2 necrophages
  8 wights
  4 killer bees (D:8)
  A howler monkey (D:9)
  3 orc priests
  2 hounds (D:4)
  A gnoll bouda (D:7)
  An iron imp (D:8)
  Jessica (D:3)
  Natasha (D:4)
  4 iguanas
  9 orc wizards
  10 gnolls
  6 adders
  A shadow imp (D:7)
  A white imp (D:8)
  An ufetubus (D:6)
  4 worms (D:2)
  2 dart slugs
  32 orcs
  4 endoplasms
  7 giant cockroaches
  8 goblins
  4 hobgoblins
  8 jackals
  23 kobolds
  3 quokkas
  9 ball pythons
  9 bats
  3 frilled lizards
  9 rats
215 creatures vanquished.

Vanquished Creatures (collateral kills)
  A giant cockroach (D:4)
1 creature vanquished.

Vanquished Creatures (others)
  3 fungi (D:3)
  11 plants (D:3)
14 creatures vanquished.

Grand Total: 230 creatures vanquished

Notes
Turn   | Place    | Note
-------+----------+-------------------------------------------
     0 | D:1      | Atreus the Palentonga Berserker began the quest for the
                  | Orb.
     0 | D:1      | Reached XP level 1. HP: 19/19 MP: 1/1
   354 | D:1      | Reached XP level 2. HP: 18/25 MP: 2/2
   619 | D:1      | Reached ** piety under Trog
   691 | D:1      | Reached XP level 3. HP: 27/32 MP: 3/3
  1974 | D:2      | Identified the ring "Keted" {Contam Str+6 Int+4}
  2104 | D:2      | Found the +5 lochaber axe {reach-cleave, poleaxe}
  2241 | D:2      | Reached XP level 4. HP: 39/39 MP: 4/4
  2824 | D:3      | Found a faded altar of an unknown god.
  2837 | D:3      | Reached *** piety under Trog
  2911 | D:3      | Noticed Jessica
  2915 | D:3      | Killed Jessica
  2916 | D:3      | Reached skill level 4 in Fighting
  3191 | D:3      | Found a bloodstained altar of Trog.
  3435 | D:3      | Found an ancient bone altar of Kikubaaqudgha.
  3733 | D:4      | Reached XP level 5. HP: 44/44 MP: 5/5
  3781 | D:4      | Noticed a lemure
  3781 | D:4      | Noticed a lemure
  3781 | D:4      | Noticed a lemure
  3781 | D:4      | Noticed Pikel
  3790 | D:4      | Noticed a lemure
  3792 | D:4      | Killed a lemure
  3794 | D:4      | Killed a lemure
  3794 | D:4      | Killed a lemure
  3796 | D:4      | Killed Pikel
  3797 | D:4      | Reached skill level 5 in Fighting
  3797 | D:4      | Reached XP level 6. HP: 19/54 MP: 6/6
  3797 | D:4      | Gained mutation: You curl defensively after being hit. (AC
                  | +7*) [Palentonga growth]
  3797 | D:4      | Reached XP level 7. HP: 21/59 MP: 7/7
  4463 | D:4      | Noticed Natasha
  4465 | D:4      | Killed Natasha
  4695 | D:4      | Reached skill level 6 in Fighting
  4827 | D:4      | Found Eniokh Usopp's Armour Shoppe.
  4901 | D:5      | Entered Level 5 of the Dungeon
  4927 | D:5      | Reached XP level 8. HP: 68/68 MP: 8/8
  5509 | D:6      | Found a staircase to the Ecumenical Temple.
  5822 | D:6      | Reached skill level 7 in Fighting
  5830 | D:6      | Reached **** piety under Trog
  6061 | D:6      | Noticed a hornet
  6063 | D:6      | Paralysed by a hornet for 1 turns
  6067 | D:6      | Paralysed by a hornet for 2 turns
  6071 | D:6      | Killed a hornet
  6560 | D:7      | Reached skill level 10 in Axes
  6560 | D:7      | Reached XP level 9. HP: 77/77 MP: 9/9
  7050 | D:7      | Reached skill level 8 in Fighting
  7152 | D:7      | Found a hazy altar of Hepliaklqana.
  7474 | D:7      | Reached skill level 9 in Fighting
  7589 | D:7      | Found a stormy altar of Qazlal.
  7589 | D:7      | Found an ornate altar of the Wu Jian Council.
  7592 | D:7      | Found a glowing silver altar of Zin.
  7594 | D:7      | Found a glowing golden altar of the Shining One.
  7817 | D:8      | Reached skill level 10 in Fighting
  8686 | D:8      | Found a snail-covered altar of Cheibriados.
  8758 | D:8      | Found Tual's CLEARANCE SALE!.
  8765 | D:8      | Bought a potion of heal wounds for 15 gold pieces
  8940 | D:9      | Reached skill level 11 in Fighting
  8940 | D:9      | Reached XP level 10. HP: 72/93 MP: 10/10
  9119 | D:9      | Paralysed by a hornet for 2 turns
  9390 | D:9      | Found a sacrificial altar of Ru.
  9508 | D:9      | Found a staircase to the Orcish Mines.
  9607 | D:9      | Found a shadowy altar of Dithmenos.
  9607 | D:9      | Found a hide-covered altar of Uskayaw.
  9891 | D:9      | Identified a scroll of acquirement
  9891 | D:9      | Acquired the ring "Ipegih" {rF+ Slay+4}
  9975 | Orc:1    | Entered Level 1 of the Orcish Mines
  9982 | Orc:1    | Reached skill level 12 in Fighting
 10033 | Orc:1    | Gained mutation: Your spells are a little easier to cast,
                  | but a little less powerful. [potion of mutation]
 10033 | Orc:1    | Gained mutation: You are frail. (-10% HP) [potion of
                  | mutation]
 10033 | Orc:1    | Gained mutation: You are strong-willed. (Will+) [potion of
                  | mutation]
 10033 | Orc:1    | Gained mutation: Your mind is acute. (Int +4, Str/Dex -1)
                  | [potion of mutation]
 10034 | Orc:1    | Lost mutation: You are frail. (-10% HP) [potion of
                  | mutation]
 10034 | Orc:1    | Lost mutation: You are strong-willed. (Will+) [potion of
                  | mutation]
 10034 | Orc:1    | Lost mutation: Your spells are a little easier to cast, but
                  | a little less powerful. [potion of mutation]
 10034 | Orc:1    | Gained mutation: You can roll at foes to attack. [potion of
                  | mutation]
 10243 | Orc:2    | Entered Level 2 of the Orcish Mines
 10243 | Orc:2    | Noticed an ettin
 10244 | Orc:2    | Found a staircase to the Elven Halls.
 10244 | Orc:2    | Noticed a two-headed ogre
 10244 | Orc:2    | Noticed a two-headed ogre
 10244 | Orc:2    | Noticed an ogre mage
 10245 | Orc:2    | Noticed an ogre mage
 10245 | Orc:2    | Noticed an ogre mage
 10246 | Orc:2    | Noticed a two-headed ogre
 10249 | Orc:2    | HP: 3/95 [ettin/+3 dire flail (40)]
 10249 | Orc:2    | Mangled by an ettin

Illustrated notes

Levels and vault maps discovered:
D:1:      heliophobic_arrival_battle_scene, layout_loops_ring, minmay_liquid_box
D:2:      layout_basic, minmay_tetromino_o4
D:3:      layout_basic, bloody_trog, nicolae_kikubaaqudgha_miasma_corner,
          shapermc_ecumenical_altar_mp_ritualfount, uniq_jessica
D:4:      layout_gridville, serial_shops, kennysheep_mini,
          kennysheep_generic_room_9, uniq_natasha, uniq_pikel
D:5:      layout_loops_cross
D:6:      layout_basic, minmay_temple_entry_large_hall
D:7:      layout_loops_ring, overflow_temple_1_default, minitemple
D:8:      layout_rooms, slow_altar_1, nicolae_shop_clearance
D:9:      layout_stronghold, nicolae_ru_sacrificial_ziggurat,
          gammafunk_temple_overflow_wave, orc_0_dummy
Orc:1:    layout_diamond_mine
Orc:2:    st_orc_ogre_mass, layout_caves, serial_shops, nicolae_diamond_shop,
          shop_statue, nicolae_shop_overgrown_old_shop, shop

Skill      XL: |  1  2  3  4  5  6  7  8  9 10 |
---------------+-------------------------------+-----
Axes           | 4 7 8 10 | 10.3
Fighting       | 4 5 6 7 11 12 | 12.1
Armour         | |  1.5
Dodging        | |  1.5
Stealth        | |  0.5

Action                   |  1- 3 |  4- 6 |  7- 9 | 10-12 || total
-------------------------+-------+-------+-------+-------++-------
Melee: Hand axe          |   108 |       |       |       ||   108
       Tailslap          |     9 |     6 |    17 |     2 ||    34
       Lochaber axe      |     3 |    67 |   182 |    28 ||   280
Invok: Berserk           |       |     2 |     8 |     2 ||    12
       Trog's Hand       |       |     1 |     1 |       ||     2
 Abil: Rolling Charge    |    26 |    17 |    37 |     7 ||    87
  Use: Scroll            |     5 |     1 |    10 |     3 ||    19
       Potion            |       |       |     8 |     4 ||    12
 Stab: Sleeping          |       |       |     1 |       ||     1
Armor: Animal skin       |    28 |       |       |       ||    28
       Ring mail         |     8 |       |       |       ||     8
       Plate armour      |    51 |    66 |   148 |    20 ||   285
Dodge: Dodged            |    64 |    20 |   166 |    24 ||   274
